 Dungeon Crawl Stone Soup version 0.17-a0-1655-g88a8506 (webtiles) character file.

1018 kae the Merchant of Misery (level 8, -1/52 HPs)
             Began as a Mummy Necromancer on Aug 15, 2015.
             Was a Believer of Kikubaaqudgha.
             Slain by an ogre
             ... wielding a +0 giant club
              (15 damage)
             ... on level 4 of the Dungeon.
             The game lasted 00:09:28 (5064 turns).

kae the Merchant of Misery (Mummy Necromancer)      Turns: 5064, Time: 00:09:29

Health: -1/52      AC:  7    Str: 12    XL:     8   Next: 2%
Magic:  6/11       EV: 12    Int: 16    God:    Kikubaaqudgha [**....]
Gold:   259        SH:  0    Dex: 12    Spells: 4 memorised, 4 levels left

rFire  x . .     SeeInvis .     c - +1 dagger (protect)
rCold  + . .     Clarity  .     a - +0 robe
rNeg   + + +     SustAt   .     (no shield)
rPois  ∞         Gourm    .     (no helmet)
rElec  .         Spirit   .     (no cloak)
rCorr  .         Warding  .     (no gloves)
rMut   .         Stasis   .     (no boots)
MR     +....                    (no amulet)
Stlth  ++........               (no ring)
                                (no ring)

@: somewhat resistant to hostile enchantments, unstealthy
A: no food or potions, fire vulnerability, cold resistance 1, negative energy
resistance 3, torment resistance, unbreathing
a: Receive Corpses, Renounce Religion


You were on level 4 of the Dungeon.
You worshipped Kikubaaqudgha.
Kikubaaqudgha was pleased with you.
You were not hungry.

You visited 1 branch of the dungeon, and saw 5 of its levels.
You also visited: Sewer.

You collected 259 gold pieces.

Inventory:

Hand weapons
 c - a +1 dagger of protection (weapon)
Armour
 a - a +0 robe (worn)
Scrolls
 d - a scroll of amnesia {unknown}
 e - 2 scrolls of enchant weapon {unknown}
 f - 4 scrolls of identify {unknown}
 g - 3 scrolls of fear {unknown}
 h - 2 scrolls of fog {unknown}
 i - 5 scrolls of remove curse {unknown}
 j - 4 scrolls of blinking {unknown}
 k - 2 scrolls of teleportation {unknown}
 m - 4 scrolls of recharging {unknown}
 n - a scroll of random uselessness {unknown}
Books
 b - a book of Necromancy

   Spells                             Type                      Level
   a - Pain                           Necromancy                   1
   b - Animate Skeleton               Necromancy                   1
   c - Vampiric Draining              Necromancy                   3
   d - Regeneration                   Charms/Necromancy            3
   e - Animate Dead                   Necromancy                   4
   f - Control Undead                 Necromancy                   4
 l - Kikubaaqudgha's Tome of Unholy Magic
   (Kikubaaqudgha gifted it to you on level 3 of the Dungeon)

   Spells                             Type                      Level
   a - Animate Skeleton               Necromancy                   1
   b - Pain                           Necromancy                   1
   c - Corpse Rot                     Necromancy                   2
   d - Vampiric Draining              Necromancy                   3
   e - Control Undead                 Necromancy                   4


   Skills:
 - Level 1.5 Dodging
 - Level 1.5 Stealth
 - Level 2.0 Spellcasting
 * Level 10.1 Necromancy


You had 4 spell levels left.
You knew the following spells:

 Your Spells              Type           Power        Failure   Level  Hunger
a - Pain                  Necr           ####         1%          1    N/A
b - Animate Skeleton      Necr           N/A          1%          1    N/A
c - Vampiric Draining     Necr           ####......   1%          3    N/A
d - Corpse Rot            Necr           N/A          1%          2    N/A

Dungeon Overview and Level Annotations

Branches:
Dungeon (5/15)
 Temple: D:4-7

Altars:
Cheibriados
Dithmenos
Fedhas
Kikubaaqudgha
Ru
Sif Muna
Trog
Yredelemnul

Annotations:
D:2 Sigmund
D:5 exclusion: centaur


Innate Abilities, Weirdness & Mutations

You do not eat or drink.
Your flesh is vulnerable to fire.
You are immune to poison.
Your flesh is cold resistant.
You are immune to negative energy.
You are immune to unholy pain and torment.
You can survive without breathing.


Message History

That felt strangely unrewarding.
Casting: Pain
Confirm with . or Enter, or press ? or * to list all spells.
Aiming: Pain
Press: ? - help, Shift-Dir - straight line, f - ogre
Aim: an ogre, wielding a giant club (chance to defeat MR: 84%)
The ogre convulses in agony!
The ogre closely misses you.
Unknown command.
The ogre hits you with a giant club!!
You see here a hand axe.
There is a stone staircase leading up here.
You climb upwards.
There is a stone staircase leading down here.
Unknown command.
Unknown command.
The ogre hits you with a giant club!
* * * LOW HITPOINT WARNING * * *
The ogre hits you with a giant club!
You die...
Kikubaaqudgha rasps: "You have failed me!
Welcome... oblivion!"

######### ####.......#
########## ..##.......#
#........#
..##.......###........#
..'........'.'>.......#
..##.......###........#
#######'#### #.O......#
# #.# #..@.....# # #.#
###'###### # #.### #.#
# #...# #.# # #(..# #.#
#...# #.# #...# #.#
#.### #.# #.# #.#


You could see an ogre.

Vanquished Creatures
  Prince Ribbit (D:5)
  A slave (D:5)
  An ogre (D:4)
  2 big kobolds (Sewer)
  A scorpion (D:5)
  3 orc priests
  A hound (D:5)
  An iguana (D:4)
  2 worker ants
  Jessica (D:3)
  Terence (D:3)
  2 river rats (Sewer)
  9 adders
  3 oozes
  3 worms
  An adder skeleton (D:5)
  3 giant geckos
  6 orcs
  6 ball pythons
  5 bats
  14 giant cockroaches
  4 goblins
  5 hobgoblins
  2 jackals (D:5)
  A ball python skeleton (D:4)
  A giant gecko skeleton (D:4)
  4 giant newts
  9 kobolds
  A quokka skeleton (D:4)
  8 rats
102 creatures vanquished.

Vanquished Creatures (collateral kills)
  A phantom (D:4)
  A giant frog skeleton (D:4)
  2 orcs (D:5)
4 creatures vanquished.

Grand Total: 106 creatures vanquished

Notes
Turn   | Place    | Note
--------------------------------------------------------------
     0 | D:1      | kae the Mummy Necromancer began the quest for the Orb.
     0 | D:1      | Reached XP level 1. HP: 13/13 MP: 3/3
   256 | D:1      | Reached XP level 2. HP: 19/19 MP: 3/5
   762 | D:2      | Noticed Sigmund
   801 | D:2      | Found a shadowy altar of Dithmenos.
   817 | D:2      | Reached skill level 5 in Necromancy
   817 | D:2      | Reached XP level 3. HP: 20/24 MP: 1/6
   894 | D:2      | Found an ancient bone altar of Kikubaaqudgha.
   896 | D:2      | Found a bloodstained altar of Trog.
   896 | D:2      | Found a basalt altar of Yredelemnul.
   896 | D:2      | Found a blossoming altar of Fedhas.
   959 | D:2      | Became a worshipper of Kikubaaqudgha
  1100 | D:2      | Learned a level 1 spell: Animate Skeleton
  1456 | D:2      | Found a snail-covered altar of Cheibriados.
  1510 | D:2      | Found a sacrificial altar of Ru.
  1773 | D:2      | Reached XP level 4. HP: 30/30 MP: 0/7
  1996 | D:3      | Noticed Jessica
  2001 | D:3      | Killed Jessica
  2001 | D:3      | Reached skill level 6 in Necromancy
  2024 | D:3      | Found a deep blue altar of Sif Muna.
  2199 | D:3      | Reached XP level 5. HP: 17/35 MP: 2/8
  2648 | D:3      | Noticed Terence
  2656 | D:3      | Killed Terence
  2656 | D:3      | Acquired Kikubaaqudgha's first power
  2656 | D:3      | Received a gift from Kikubaaqudgha
  2657 | D:3      | Identified Kikubaaqudgha's Tome of Unholy Magic (Kikubaaqudgha gifted it to you on level 3 of the Dungeon)
  2671 | D:3      | Learned a level 3 spell: Vampiric Draining
  2674 | D:3      | Learned a level 2 spell: Corpse Rot
  2816 | D:3      | Your ally Terence died
  2949 | D:4      | Reached skill level 7 in Necromancy
  3126 | D:4      | Reached XP level 6. HP: 26/41 MP: 1/9
  3364 | D:4      | Noticed a phantom
  3423 | D:4      | Killed a phantom
  3423 | D:4      | Reached skill level 8 in Necromancy
  3935 | D:4      | Noticed an ogre
  3943 | D:4      | Killed an ogre
  4008 | D:5      | Entered Level 5 of the Dungeon
  4012 | D:5      | Reached XP level 7. HP: 46/46 MP: 4/10
  4024 | D:5      | Noticed Prince Ribbit
  4341 | D:5      | Killed Prince Ribbit
  4341 | D:5      | Reached skill level 9 in Necromancy
  4399 | D:5      | Found a glowing drain.
  4407 | D:5      | Your ally Prince Ribbit died
  4442 | Sewer    | Entered a sewer
  4666 | Sewer    | Acquired Kikubaaqudgha's second power
  4809 | Sewer    | Reached skill level 10 in Necromancy
  4991 | D:5      | Reached XP level 8. HP: 52/52 MP: 8/11
  5064 | D:4      | Slain by an ogre

Vault maps used:
D:1:      lightli_arrival_lavapool, dk_noncrumbling_3,
          minmay_misc_feat_secret_circle, minmay_misc_feat_cross,
          hangedman_abyss_or_decor_stabs, minmay_misc_feat_chi
D:2:      grunt_temple_overflow_open, lemuel_coloured_pillars_altar,
          lemuel_round_altar, first_bread, nicolae_dithmenos_shadow_blocks,
          uniq_sigmund
D:3:      lemuel_doored_altar, uniq_terence, uniq_jessica
D:4:      kennysheep_big_flooded_room
D:5:      portal_sewer_entry_b, uniq_prince_ribbit1, uniq_pikel
Sewer:    sewer_co_15_rooms

Action                   |  1- 3 |  4- 6 |  7- 9 || total
-------------------------+-------+-------+-------++-------
Melee: Dagger            |    34 |    60 |    33 ||   127
 Cast: Pain              |    61 |    84 |    94 ||   239
       Animate Skeleton  |       |    10 |     8 ||    18
       Corpse Rot        |       |     2 |       ||     2
       Vampiric Draining |       |       |     3 ||     3
 Stab: Sleeping          |     4 |     1 |       ||     5
